 Dungeon Crawl Stone Soup version 0.20-a0-947-g2784f4f (webtiles) character file.

1586 JeffiDaFish the Cudgeler (level 8, -11/50 HPs)
             Began as a Gargoyle Fighter on Apr 3, 2017.
             Mangled by a two-headed ogre
             ... wielding a +0 giant spiked club
              (14 damage)
             ... on level 6 of the Dungeon.
             The game lasted 00:12:57 (4725 turns).

JeffiDaFish the Cudgeler (Gargoyle Fighter)         Turns: 4725, Time: 00:12:58

Health: -11/50     AC: 25    Str: 25    XL:     8   Next: 92%
Magic:  8/8        EV:  5    Int:  9    God:
Gold:   185        SH: 11    Dex: 11    Spells: 7/7 levels left

rFire    . . .     SeeInvis .   n - +3 flail (protect)
rCold    . . .     Gourm    .   c - +0 shield
rNeg     + . .     Faith    .   e - +0 plate armour
rPois    ∞         Spirit   .   j - +0 helmet
rElec    +         Reflect  .   (no cloak)
rCorr    .         Harm     .   (no gloves)
MR       .....                  (no boots)
Stlth    ..........             q - amulet of rage
Regen    0.2/turn               (no ring)
MPRegen  0.2/turn               (no ring)

@: mighty, protection aura
A: negative energy resistance 1, electricity resistance, unbreathing,
petrification resistance, rot immunity, AC +5
a: Evoke Berserk Rage


You were on level 6 of the Dungeon.
You were not hungry.

You visited 2 branches of the dungeon, and saw 7 of its levels.

You collected 282 gold pieces.
You spent 97 gold pieces at shops.

Inventory:

Hand Weapons
 n - a +3 flail of protection (weapon)
Armour
 c - a +0 shield (worn)
 e - a +0 plate armour (worn)
 j - a +0 helmet (worn)
Jewellery
 q - an amulet of rage (around neck)
Scrolls
 a - a scroll of remove curse
 b - a scroll of identify
 l - a scroll of teleportation
Potions
 d - a potion of might
 i - a potion of invisibility
 m - a potion of ambrosia
Comestibles
 f - 3 bread rations
 g - a meat ration
 h - a royal jelly
 o - 8 chunks of flesh
 p - 2 fruits


   Skills:
 + Level 5.6 Fighting
 + Level 7.4 Maces & Flails
 + Level 5.2 Armour
 + Level 0.7 Dodging
 + Level 0.2 Stealth
 + Level 7.1 Shields


You had 7 spell levels left.
You didn't know any spells.

Dungeon Overview and Level Annotations

Branches:
Dungeon (6/15)             Temple (1/1) D:5

Altars:
Ashenzari
Fedhas
Gozag
Makhleb
Nemelex Xobeh
Ru
Sif Muna
Uskayaw
Vehumet
Wu Jian
Xom
Yredelemnul
Zin

Shops:
D:4 *


Innate Abilities, Weirdness & Mutations

You are resistant to torment.
Your stone body is resilient. (AC +5)
You are immune to poison.
You resist negative energy. (rN+)
You are resistant to electric shocks. (rElec)
You can survive without breathing.
You are immune to petrification.
You are immune to rotting.


Message History

The two-headed ogre is moderately wounded.
The two-headed ogre hits you with a giant spiked club!!
* * * LOW HITPOINT WARNING * * *
The two-headed ogre hits you but does no damage.
You feel much better.
The two-headed ogre hits you but does no damage.
The two-headed ogre hits you with a giant club.
You bludgeon the two-headed ogre!!
Your weapon exudes an aura of protection.
The two-headed ogre is severely wounded.
The two-headed ogre hits you with a giant spiked club!
* * * LOW HITPOINT WARNING * * *
You block the two-headed ogre's attack.
You hit the two-headed ogre.
The two-headed ogre is severely wounded.
You thump the two-headed ogre!
The two-headed ogre is almost dead.
You block the two-headed ogre's attack.
The two-headed ogre hits you with a giant club!
You die...

#....<.# ..#######+#
#......#
.#.......##+###......#
'.......#......##.###
#.......#......##.##
#.......'.....)##..#
#......#####..))...#
#...O..#.....####..#
#...@..#.....# #..#
#......#.....## #..#
+......#......###..#
#....#......_......#
#....##.###......###
.......#.# ##.....#
#.......#.# #.....#
#.......#.# .....#
####.?. #.. .#####


You could see a two-headed ogre.

Vanquished Creatures
  Grinder (D:3)
  3 centaurs (D:5)
  The ghost of cebutris the Firebug, an amateur DrFE of Nemelex Xobeh (D:3)
  A big kobold (D:5)
  A gnoll sergeant (D:3)
  2 scorpions
  A howler monkey (D:6)
  A jelly (D:5)
  2 hounds
  5 gnoll shamans (D:3)
  Terence (D:3)
  A worker ant (D:5)
  A hound zombie (D:6)
  2 hound skeletons (D:4)
  A worker ant zombie (D:6)
  36 gnolls
  5 adders
  A worm (D:2)
  2 dart slugs
  A leopard gecko (D:4)
  5 bats
  2 giant cockroaches
  2 goblins
  4 hobgoblins
  15 jackals (D:3)
  12 kobolds
  A quokka (D:3)
  A ball python (D:4)
  5 frilled lizards
  A leopard gecko zombie (D:5)
  3 rats
120 creatures vanquished.

Notes
Turn   | Place    | Note
-------+----------+-------------------------------------------
     0 | D:1      | JeffiDaFish the Gargoyle Fighter began the quest for the Orb.
     0 | D:1      | Reached XP level 1. HP: 14/14 MP: 1/1
   463 | D:1      | Reached XP level 2. HP: 19/19 MP: 2/2
   887 | D:2      | Found a faded altar of an unknown god.
   958 | D:2      | Reached XP level 3. HP: 12/23 MP: 3/3
  1479 | D:3      | Found a shimmering altar of Xom.
  1480 | D:3      | Found a shimmering altar of Xom.
  1481 | D:3      | Found a shimmering altar of Xom.
  1518 | D:3      | Noticed cebutris's ghost (amateur DrFE)
  1527 | D:3      | Killed cebutris's ghost
  1527 | D:3      | Reached XP level 4. HP: 28/29 MP: 4/4
  1527 | D:3      | Reached XP level 5. HP: 32/33 MP: 5/5
  1809 | D:3      | Noticed Grinder
  1832 | D:3      | Paralysed by Grinder for 2 turns
  1841 | D:3      | Killed Grinder
  1841 | D:3      | Reached skill level 5 in Maces & Flails
  1841 | D:3      | Reached XP level 6. HP: 29/39 MP: 6/6
  2250 | D:3      | Reached skill level 5 in Shields
  2263 | D:3      | Reached XP level 7. HP: 44/44 MP: 7/7
  2273 | D:3      | Noticed Terence
  2286 | D:3      | Killed Terence
  2585 | D:3      | Reached skill level 5 in Fighting
  2690 | D:3      | Reached XP level 8. HP: 49/49 MP: 8/8
  3197 | D:4      | Found Jari Rang's General Store.
  3255 | D:4      | Bought a scroll of enchant weapon for 97 gold pieces
  3830 | D:5      | Entered Level 5 of the Dungeon
  3863 | D:5      | Found a shattered altar of Ashenzari.
  3957 | D:5      | Found a staircase to the Ecumenical Temple.
  3971 | Temple   | Entered the Ecumenical Temple
  4095 | D:5      | Found a glowing silver altar of Zin.
  4256 | D:5      | Reached skill level 5 in Armour
  4524 | D:6      | Found a radiant altar of Vehumet.
  4713 | D:6      | Noticed a two-headed ogre
  4723 | D:6      | HP: 2/50 [two-headed ogre/giant spiked club (16)]
  4725 | D:6      | Mangled by a two-headed ogre

Vault maps used:
D:1:      dpeg_arrival_chambers_temple_mockup, moated_statue
D:2:      chequers_ecumenical_altar_simple
D:3:      lemuel_castle_with_subvaults, xom_redecorated, uniq_terence,
          uniq_grinder
D:4:      first_bread, serial_shops, shop, minmay_misc_feat_hallway,
          st_stairs_13
D:5:      old_standard_altar, minmay_temple_entry_large_hall, ashenzari_altar_1
D:6:      elyvilon_altar_5, overflow_temple_1_default,
          nicolae_overflow_crystal_walls, st_stairs_10
Temple:   zaba_magenta_temple

Skill      XL: |  1  2  3  4  5  6  7  8 |
---------------+-------------------------+-----
Fighting       | 4 5 |  5.6
Maces & Flails | 3 5 6 7 |  7.4
Shields        | 4 5 7 |  7.1
Armour         | 4 5 |  5.2
Dodging        | |  0.7
Stealth        | |  0.2

Action                   |  1- 3 |  4- 6 |  7- 9 || total
-------------------------+-------+-------+-------++-------
Melee: Flail             |    97 |   137 |   317 ||   551
  Use: Scroll            |     5 |     2 |     9 ||    16
       Potion            |     3 |     1 |     3 ||     7
  Eat: Chunk             |     2 |     3 |     8 ||    13
Armor: Plate armour      |    62 |   137 |   236 ||   435
       Scale mail        |     1 |       |       ||     1
Dodge: Dodged            |    12 |    22 |    50 ||    84
Block: Shield            |    48 |    90 |   206 ||   344
